 Dungeon Crawl Stone Soup version 0.28.0 (webtiles) character file.

Game seed: 9853443306426252462

63 asishallab the Shield-Bearer (level 3, 0/31 HPs)
             Began as a Draconian Fighter on Feb 7, 2022.
             Succumbed to a scorpion's poison
             ... on level 2 of the Dungeon.
             The game lasted 00:02:56 (1665 turns).

asishallab the Shield-Bearer (Draconian Fighter)    Turns: 1665, Time: 00:02:57

Health: 0/31       AC:  7    Str: 18    XL:     3   Next: 87%
Magic:  4/4        EV: 12    Int: 10    God:
Gold:   52         SH:  4    Dex: 10    Spells: 4/4 levels left

rFire   . . .      SeeInvis .   a - +0 war axe
rCold   . . .      Faith    .   b - +0 buckler
rNeg    . . .      Spirit   .   (armour unavailable)
rPois   .          Reflect  .   (helmet restricted)
rElec   .          Harm     .   (no cloak)
rCorr   .          Rampage  .   (no gloves)
Will    .....                   g - +1 pair of boots
Stlth   +.........              (no amulet)
HPRegen 0.10/turn               (no ring)
MPRegen 0.09/turn               (no ring)

@: mighty, lethally poisoned (0 -> -4)
A: AC +5, unfitting armour, cold-blooded
a: no special abilities


You were on level 2 of the Dungeon.
You visited 1 branch of the dungeon, and saw 2 of its levels.

You collected 52 gold pieces.

Inventory:

Hand Weapons
 a - a +0 war axe (weapon)
Armour
 b - a +0 buckler (worn)
 g - a +1 pair of boots (worn)
Jewellery
 h - a ring of resist corrosion
Scrolls
 d - a scroll of immolation {unknown}
 e - 3 scrolls of identify {unknown}
 f - a scroll of vulnerability {unknown}


   Skills:
 - Level 3.2 Fighting
 * Level 2.9 Axes
 + Level 3.0 Dodging
 * Level 3.7 Shields
 + Level 1.1 Spellcasting


You had 4 spell levels left.
You didn't know any spells.
Your spell library was empty.

Dungeon Overview and Level Annotations

Branches:
Dungeon (2/15)

Altars:


Innate Abilities, Weirdness & Mutations

Your plain brown scales are hard. (AC +5)
You cannot fit into any form of body armour.
You are cold-blooded and may be slowed by cold attacks.


Message History

You barely miss the scorpion. The scorpion closely misses you. x2
You hit the scorpion but do no damage. The scorpion barely misses you.
The scorpion stings you.
You hit the scorpion.
The scorpion is lightly wounded.
You block the scorpion's attack.
The scorpion stings you but does no damage.
You closely miss the scorpion.
The scorpion is lightly wounded.
The scorpion stings you but does no damage.
You hit the scorpion but do no damage.
The scorpion is lightly wounded.
You block the scorpion's attack. The scorpion stings you!
You hit the scorpion.
Your tail-slap misses the scorpion.
The scorpion is lightly wounded.
The scorpion closely misses you. The scorpion barely misses you.
You closely miss the scorpion.
The scorpion is lightly wounded.
The scorpion stings you.
You are poisoned.
The scorpion poisons you!
You slash the scorpion!
The scorpion is severely wounded.
You feel very sick. The scorpion stings you!
* * * LOW HITPOINT WARNING * * *
The scorpion stings you but does no damage.
You are too injured to fight recklessly!
You are too injured to fight recklessly!
You are too injured to fight recklessly!
You are too injured to fight recklessly!
* * * LOW HITPOINT WARNING * * *
You feel sick.
Okay, then.
* * * LOW HITPOINT WARNING * * *
You feel sick. The scorpion misses you.
* * * LOW HITPOINT WARNING * * *
You feel sick.
You feel very mighty all of a sudden.
You die...

########.........##
...........(.......
.#########......####...#.##
........##......# #...#...
.$......##...)..# #...###.
........##......# ##### #.
........##......###### #.
........##...........#####.
.........s@................
........##...........#####.
........##.......##### #.
........##..†....## #.
#....#####........# ##
#.... #...........# # #####
#...........# #.
#.....###...# #.. #######
#...# #[.


You could see a scorpion.

Vanquished Creatures
  3 adders (D:2)
  A worm (D:2)
  2 dart slugs
  5 endoplasms
  A giant cockroach (D:1)
  2 hobgoblins (D:1)
  2 quokkas (D:1)
  A ball python (D:1)
  A bat (D:1)
  3 frilled lizards
  3 goblins (D:1)
  2 kobolds (D:1)
  5 rats
31 creatures vanquished.

Notes
Turn   | Place    | Note
-------+----------+-------------------------------------------
     0 | D:1      | asishallab the Draconian Fighter began the quest for the
                  | Orb.
     0 | D:1      | Reached XP level 1. HP: 19/19 MP: 1/1
   474 | D:1      | Reached XP level 2. HP: 26/26 MP: 2/2
  1089 | D:2      | Reached XP level 3. HP: 28/31 MP: 4/4
  1167 | D:2      | Found a faded altar of an unknown god.
  1215 | D:2      | Reached skill level 1 in Spellcasting
  1650 | D:2      | Noticed a scorpion
  1664 | D:2      | HP: 1/31 [poisoned by a scorpion]
  1665 | D:2      | Succumbed to a scorpion's poison

Illustrated notes

Levels and vault maps discovered:
D:1:      ncdulo_lavacross, layout_basic
D:2:      layout_basic, hellmonk_ecumenical_altar_arch_garden, basic_altar

Skill      XL: |  1  2  3 |
---------------+----------+-----
Spellcasting   | 1 |  1.1
Dodging        | 3 |  3.0
Fighting       | |  3.2
Axes           | |  2.9
Shields        | |  3.7

Action                   || total
-------------------------++-------
Melee: War axe           ||    77
       Tailslap          ||    12
  Use: Potion            ||     1
Armor: Skin              ||    27
Dodge: Dodged            ||    45
Block: Buckler           ||    11
